 Dungeon Crawl Stone Soup version 0.29.1-13-g9f3cf754e1 (webtiles) character file.

Game seed: 13224387142780888094

2 Mickster the Trooper (level 1, 0/18 HPs)
             Began as a Demigod Fighter on Feb 10, 2023.
             Slain by a goblin
             ... wielding a +0 dagger
              (1 damage)
             ... on level 1 of the Dungeon.
             The game lasted 00:01:49 (65 turns).

Mickster the Trooper (Demigod Fighter)                Turns: 65, Time: 00:01:50

Health: 0/18       AC:  6    Str: 17    XL:     1   Next: 26%
Magic:  3/3        EV:  8    Int: 10    God:
Gold:   14         SH:  4    Dex: 13    Spells: 0/0 levels left

rFire   . . .      SeeInvis .   a - +0 rapier
rCold   . . .      Faith    .   c - +0 buckler
rNeg    . . .      Spirit   .   b - +0 scale mail
rPois   .          Reflect  .   (no helmet)
rElec   .          Harm     .   (no cloak)
rCorr   .          Rampage  .   (no gloves)
Will    .....                   (no boots)
Stlth   ..........              (no amulet)
HPRegen 0.06/turn               (no ring)
MPRegen 0.08/turn               (no ring)

@: no status effects
A: high MP 1, forlorn, divine attributes
a: no special abilities


You were on level 1 of the Dungeon.
You visited 1 branch of the dungeon, and saw 1 of its levels.

You collected 14 gold pieces.

Inventory:

Hand Weapons
 a - a +0 rapier (weapon)
Missiles
 e - 5 stones (quivered)
Armour
 b - a +0 scale mail (worn)
 c - a +0 buckler (worn)
Potions
 d - a potion of might


   Skills:
 + Level 2.8 Fighting
 + Level 1.7 Short Blades
 + Level 2.7 Armour
 + Level 2.7 Shields


You couldn't memorise any spells.
You didn't know any spells.
Your spell library contained the following spells:

 Spells                   Type           Power      Damage    Failure   Level
 Gell's Gravitas          Tloc           0%         N/A       99%         3
 Lesser Beckoning         Tloc           0%         N/A       99%         3
 Teleport Other           Tloc           0%         N/A       99%         3


Dungeon Overview and Level Annotations

Branches:
Dungeon (1/15)


Innate Abilities, Weirdness & Mutations

You have an increased reservoir of magic. (+10% MP)
You shall have no god before yourself.
Your divine heritage dramatically boosts your attributes as you level up.


Message History

The goblin hits you with a +0 dagger.
You barely miss the hobgoblin. You block the hobgoblin's attack.
The goblin closely misses you.
You hit the hobgoblin.
The hobgoblin is heavily wounded.
You block the hobgoblin's attack. The goblin hits you but does no damage.
The hobgoblin hits you.
You hit the hobgoblin but do no damage.
The hobgoblin is heavily wounded.
You block the goblin's attack. You block the hobgoblin's attack.
Your unstable footing causes you to fumble your attack.
The goblin closely misses you. You block the hobgoblin's attack.
Your unstable footing causes you to fumble your attack.
The goblin hits you but does no damage. The hobgoblin hits you.
* * * LOW HITPOINT WARNING * * *
You barely miss the hobgoblin.
The hobgoblin is heavily wounded.
You block the goblin's attack.
The hobgoblin hits you but does no damage.
The goblin hits you but does no damage.
Your unstable footing causes you to fumble your attack.
The hobgoblin closely misses you. The goblin hits you but does no damage.
You closely miss the hobgoblin.
The hobgoblin is heavily wounded.
The hobgoblin hits you.
* * * LOW HITPOINT WARNING * * *
The goblin closely misses you.
You closely miss the hobgoblin.
The hobgoblin is heavily wounded.
The hobgoblin closely misses you. The goblin hits you with a +0 dagger.
* * * LOW HITPOINT WARNING * * *
You block the hobgoblin's attack.
Your unstable footing causes you to fumble your attack.
You block the goblin's attack. The hobgoblin completely misses you.
You hit the hobgoblin.
You kill the hobgoblin!
The goblin hits you with a +0 dagger.
* * * LOW HITPOINT WARNING * * *
The goblin hits you with a +0 dagger.
You die...

≈≈≈≈≈≈≈≈≈≈≈≈≈~....
#'#'#≈≈~....#
##+##...'≈≈≈....#
...#...'≈≈~....#
#####.#'#'#≈≈~....##
#...#...#≈≈~~......##
#.<.'.⌠.'~≈~..⌠......
#...'.⌠.'≈~~..⌠...###
#...#...#≈≈~~@g......
#####.###+#≈~†....###
$..+ +≈≈~....# ##+##
+≈≈≈...## #≈≈~...#
≈≈≈~...# ≈≈≈≈~...!#
~~~~≈~....#
...........#


You could see a goblin.

Vanquished Creatures
  A bat (D:1)
  A hobgoblin (D:1)
2 creatures vanquished.

Notes
Turn   | Place    | Note
-------+----------+-------------------------------------------
     0 | D:1      | Mickster the Demigod Fighter began the quest for the Orb.
     0 | D:1      | Reached XP level 1. HP: 18/18 MP: 3/3
    65 | D:1      | Slain by a goblin

Illustrated notes

Levels and vault maps discovered:
D:1:      dpeg_arrival_castle, layout_rooms

Action                   || total
-------------------------++-------
Melee: Rapier            ||    14
Armor: Scale mail        ||    15
Dodge: Dodged            ||     9
Block: Buckler           ||     9
